 Dungeon Crawl Stone Soup version 0.19.1-1-g22dce08 (webtiles) character file.

12357 Gargoyl the Protected (level 11, -3/94 HPs)
             Began as a Ghoul Abyssal Knight on Jan 12, 2017.
             Was an Elder of Lugonu.
             Slain by a spiny frog (6 damage)
             ... on level 3 of the Lair of Beasts on Jan 13, 2017.
             The game lasted 00:33:03 (12257 turns).

Gargoyl the Protected (Ghoul Abyssal Knight)       Turns: 12257, Time: 00:33:04

Health: -3/94      AC: 20    Str: 18    XL:     11   Next: 92%
Magic:  16/16      EV: 12    Int:  7    God:    Lugonu [****..]
Gold:   396        SH:  0    Dex: 14    Spells: 0 memorised, 10 levels left

rFire  . . .     SeeInvis .     J - +0 broad axe
rCold  + . .     Gourm    .     d - +0 chain mail
rNeg   + + +     Faith    .     (no shield)
rPois  ∞         Spirit   .     n - +0 helmet
rElec  .         Reflect  .     l - +2 cloak
rCorr  .         Harm     .     u - +2 pair of gloves
MR     .....                    (no boots)
Stlth  ..........               t - amulet of regeneration
                                z - +4 ring of dexterity
                                a - +3 ring of evasion

@: rotting
A: rotting body, claws 1, carnivore 3, cold resistance 1, negative energy
resistance 3, slow regeneration 1, torment resistance, unbreathing
a: Depart the Abyss, Bend Space, Banish, Corrupt, Renounce Religion


You were on level 3 of the Lair of Beasts.
You worshipped Lugonu.
Lugonu was greatly pleased with you.
You were not hungry.

You visited 2 branches of the dungeon, and saw 13 of its levels.
You visited the Abyss 1 time.

You collected 726 gold pieces.
You spent 330 gold pieces at shops.

Inventory:

Hand Weapons
 A - a +1 spear of venom
 D - a +2 war axe
 F - a +0 war axe
 J - a +0 broad axe (weapon)
Missiles
 e - 16 tomahawks (quivered)
Armour
 d - a +0 chain mail (worn)
 l - a +2 cloak (worn)
 n - a +0 helmet (worn)
 u - a +2 pair of gloves (worn)
Jewellery
 a - a +3 ring of evasion (left hand)
 f - an uncursed ring of protection from fire
 t - an amulet of regeneration (around neck)
 z - a +4 ring of dexterity (right hand)
 B - an uncursed ring of see invisible
 H - a +6 ring of intelligence
 L - a +2 ring of evasion
 N - an uncursed ring of flight
Wands
 b - a wand of confusion (25/48)
 C - a wand of teleportation (5/9)
 I - a wand of digging (11/24)
 K - a wand of confusion (31/48)
 P - a wand of acid (8/15)
Scrolls
 g - 5 scrolls of remove curse
 j - 6 scrolls of teleportation
 o - 3 scrolls of identify
 r - 2 scrolls of blinking
 w - a scroll of fear
 y - a scroll of amnesia
 M - a scroll of enchant weapon
 O - a scroll of silence {unknown}
Potions
 h - a potion of curing
 m - 4 potions of agility
 p - a potion of brilliance
 E - 2 potions of invisibility
Books
 q - a book of Air

   Spells                             Type                      Level
   a - Shock                          Conjuration/Air              1
   b - Swiftness                      Charms/Air                   2
   c - Repel Missiles                 Charms/Air                   2
   d - Static Discharge               Conjuration/Air              3
   e - Lightning Bolt                 Conjuration/Air              5
 s - a book of Minor Magic

   Spells                             Type                      Level
   a - Magic Dart                     Conjuration                  1
   b - Blink                          Translocation                2
   c - Call Imp                       Summoning                    2
   d - Repel Missiles                 Charms/Air                   2
   e - Slow                           Hexes                        2
   f - Conjure Flame                  Conjuration/Fire             3
   g - Mephitic Cloud                 Conjuration/Poison/Air       3
 x - a book of Necromancy

   Spells                             Type                      Level
   a - Pain                           Necromancy                   1
   b - Animate Skeleton               Necromancy                   1
   c - Vampiric Draining              Necromancy                   3
   d - Regeneration                   Charms/Necromancy            3
   e - Animate Dead                   Necromancy                   4
   f - Control Undead                 Necromancy                   4
Comestibles
 c - 5 meat rations
 i - a slice of pizza
 k - 4 chunks of flesh
 v - 9 beef jerkies
 G - 9 royal jellies


   Skills:
 + Level 8.1 Fighting
 + Level 9.6 Axes
 + Level 1.0 Throwing
 * Level 10.3 Armour
 + Level 3.3 Dodging
 * Level 9.1 Invocations


You had 10 spell levels left.
You didn't know any spells.

Dungeon Overview and Level Annotations

Branches:
Dungeon (10/15)            Temple (0/1) D:4            Lair (3/6) D:8
  Swamp (0/4) Lair:2       Spider (0/4) Lair:2          Orc (0/2) D:9

Altars:
Elyvilon
Fedhas
Gozag
Hepliaklqana
Nemelex Xobeh
Okawaru
Qazlal
Trog
Uskayaw
Yredelemnul
Zin
The Shining One

Shops:
D:7 =   D:8 [   D:9 (?*=

Annotations:
Abyss:1 Nergalle


Innate Abilities, Weirdness & Mutations

Your body is rotting away.
You thrive on raw meat.
You are immune to poison.
You have sharp fingernails.
You are carnivorous and can eat meat at any time.
Your flesh is cold resistant. (rC+)
You are immune to negative energy. (rN+++)
You regenerate slowly when monsters are visible.
You are immune to unholy pain and torment.
You can survive without breathing.


Message History

The spiny frog is moderately wounded.
You hit the plant but do no damage. You slash the komodo dragon!
The komodo dragon bites you but does no damage.
The spiny frog misses you.
You hit the spiny frog.
The spiny frog is heavily wounded.
You hit the komodo dragon but do no damage.
You hit the plant but do no damage. The spiny frog stings you.
The komodo dragon bites you!!
* * * LOW HITPOINT WARNING * * *
Unknown command.
You hit the spiny frog but do no damage.
The spiny frog is heavily wounded.
You hit the plant but do no damage. You hit the komodo dragon.
The spiny frog stings you!
* * * LOW HITPOINT WARNING * * *
The komodo dragon bites you!
* * * LOW HITPOINT WARNING * * *
The spiny frog stings you.
You die...

.......... .........
# ..........##
............#
.........#..#
#.#.....P.#
.#......Fl.##
...........#..PP@#..#
.....#.....#...#...#
.P...P...P.........#
.P.....P.......#...##
.........#..........#
.....P.#.....#.....##
.............P.....#
.#.........#P..#...#
...........#.......#


You could see a komodo dragon and a spiny frog.

Vanquished Creatures
  A centaur warrior (D:9)
  2 black mambas
  2 spiny frogs (Lair:2)
  A komodo dragon (Lair:2)
  2 rime drakes (Lair:1)
  A polar bear (Lair:3)
  A slime creature (D:9)
  A hornet (D:8)
  3 blink frogs (Lair:2)
  4 dream sheep (Lair:3)
  Sigmund (D:4)
  4 hippogriffs
  A hungry ghost (D:9)
  Edmund (D:5)
  8 vampire mosquitoes (Lair:2)
  2 soldier ants (D:8)
  2 water moccasins
  2 porcupines
  An ice beast (D:6)
  An orc warrior (D:8)
  3 phantoms
  A sky beast (D:9)
  3 ogres
  2 centaurs
  4 crocodiles
  6 bullfrogs
  Blork the orc (D:5)
  A water moccasin skeleton (D:6)
  2 troll zombies (D:9)
  A scorpion (D:4)
  4 killer bees (D:9)
  A howler monkey (D:4)
  5 crimson imps
  2 bullfrog zombies
  A quasit (D:7)
  A centaur zombie (D:9)
  5 orc priests
  Crazy Yiuf (D:3)
  2 hounds
  A jelly (D:8)
  2 centaur skeletons
  An iron imp (D:5)
  5 orc wizards
  3 iguanas
  3 worker ants
  5 ogre zombies (D:9)
  A hound zombie (D:5)
  A worker ant zombie (D:5)
  14 gnolls
  9 adders
  2 oozes (D:2)
  An adder zombie (D:7)
  5 worms
  An adder skeleton (D:6)
  4 dart slugs
  6 leopard geckos
  19 orcs
  6 giant cockroaches
  7 goblins
  7 hobgoblins
  3 jackals (D:6)
  A quokka (D:3)
  A ball python (D:4)
  9 bats
  7 frilled lizards
  4 goblin skeletons
  2 goblin zombies (D:9)
  3 hobgoblin zombies
  9 kobolds
  A kobold zombie (D:5)
  3 orc skeletons (D:9)
  17 orc zombies
  7 rats
257 creatures vanquished.

Vanquished Creatures (others)
  A hydra (D:9)
  2 black mambas
  A troll (D:8)
  2 blink frogs (Lair:2)
  A hill giant zombie (D:9)
  A centaur (D:5)
  An electric eel (Lair:2)
  A worker ant (D:5)
  An orc skeleton (D:9)
  2 fungi
13 creatures vanquished.

Grand Total: 270 creatures vanquished

Notes
Turn   | Place    | Note
-------+----------+-------------------------------------------
     0 | Abyss:1  | Gargoyl the Ghoul Abyssal Knight began the quest for the Orb.
     0 | Abyss:1  | Reached XP level 1. HP: 19/19 MP: 1/1
    31 | Abyss:1  | Noticed a ynoxinul
    31 | D:1      | Escaped the Abyss
   312 | D:1      | Reached skill level 1 in Dodging
   314 | D:1      | Reached XP level 2. HP: 26/26 MP: 2/2
   414 | D:1      | Reached * piety under Lugonu
   551 | D:1      | Reached skill level 2 in Armour
   950 | D:2      | Reached XP level 3. HP: 31/33 MP: 3/3
  1592 | D:2      | Reached XP level 4. HP: 40/40 MP: 4/4
  2382 | D:3      | Reached XP level 5. HP: 37/46 MP: 5/5
  2453 | D:3      | Reached ** piety under Lugonu
  2860 | D:3      | Found a runed door.
  2933 | D:3      | Found an iron altar of Okawaru.
  3022 | D:3      | Noticed Crazy Yiuf
  3041 | D:3      | Killed Crazy Yiuf
  3041 | D:3      | Reached skill level 3 in Armour
  3535 | D:4      | Reached XP level 6. HP: 52/52 MP: 7/7
  3756 | D:4      | Found a staircase to the Ecumenical Temple.
  4039 | D:4      | Found a glowing silver altar of Zin.
  4145 | D:4      | Reached XP level 7. HP: 43/60 MP: 8/8
  4200 | D:4      | Reached skill level 4 in Armour
  4267 | D:4      | Reached *** piety under Lugonu
  4286 | D:4      | Noticed Sigmund
  4311 | D:4      | Killed Sigmund
  4599 | D:5      | Entered Level 5 of the Dungeon
  4660 | D:6      | Noticed Blork the orc
  4721 | D:5      | Killed Blork the orc
  4740 | D:5      | Reached XP level 8. HP: 59/67 MP: 10/10
  4859 | D:5      | Reached skill level 5 in Fighting
  4859 | D:5      | Reached skill level 5 in Armour
  5134 | D:5      | Found a glowing golden altar of the Shining One.
  5402 | D:5      | Noticed Edmund
  5404 | D:5      | Found a sparkling altar of Nemelex Xobeh.
  5443 | D:5      | Killed Edmund
  5443 | D:5      | Reached skill level 5 in Axes
  5823 | D:6      | Reached skill level 5 in Invocations
  6035 | D:6      | Found a bloodstained altar of Trog.
  6216 | D:6      | Reached skill level 6 in Armour
  6308 | D:6      | Found a blossoming altar of Fedhas.
  6308 | D:6      | Found a white marble altar of Elyvilon.
  6523 | D:6      | Found a hide-covered altar of Uskayaw.
  6613 | D:7      | Noticed a hippogriff
  6622 | D:7      | Killed a hippogriff
  6622 | D:7      | Reached XP level 9. HP: 54/74 MP: 10/12
  6763 | D:7      | Found Caunt's Jewellery Shoppe.
  6783 | D:7      | Bought an uncursed amulet of regeneration for 330 gold pieces
  6882 | D:7      | Reached **** piety under Lugonu
  7396 | D:8      | Found Qamir's Antique Armour Boutique.
  7415 | D:8      | Noticed a troll
  7426 | D:8      | Banished a troll
  7463 | D:8      | Noticed a hornet
  7475 | D:8      | Killed a hornet
  7757 | D:8      | Found a basalt altar of Yredelemnul.
  7888 | D:8      | Found a staircase to the Lair.
  7972 | D:8      | Reached skill level 7 in Armour
  8190 | D:9      | Found Baezo's Jewellery Shoppe.
  8264 | D:9      | Reached XP level 10. HP: 83/84 MP: 13/13
  8274 | D:9      | Noticed a centaur warrior
  8293 | D:9      | Killed a centaur warrior
  8315 | D:9      | Noticed a six-headed hydra
  8317 | D:9      | Banished a six-headed hydra
  8317 | D:9      | Reached skill level 8 in Armour
  8454 | D:9      | Found Etocsaph's Assorted Antiques.
  8774 | D:9      | Found a staircase to the Orcish Mines.
  8796 | D:9      | Found Vaumm's Magic Scroll Shoppe.
  8933 | D:10     | Entered Level 10 of the Dungeon
  8933 | D:10     | Noticed a hill giant
  8937 | D:9      | Found Eziudekhey's Antique Weapon Shoppe.
  8948 | D:9      | Found a hazy altar of Hepliaklqana.
  9064 | D:9      | Reached ***** piety under Lugonu
  9103 | D:9      | Found an opulent altar of Gozag.
  9130 | D:9      | Found a stormy altar of Qazlal.
  9804 | Lair:1   | Entered Level 1 of the Lair of Beasts
  9856 | Lair:1   | Noticed a black mamba
  9865 | Lair:1   | Banished a black mamba
  9992 | Lair:1   | Reached XP level 11. HP: 42/91 MP: 15/15
 10025 | Lair:1   | Reached skill level 9 in Armour
 10382 | Lair:1   | Noticed Nergalle
 10387 | Lair:1   | Banished Nergalle
 10826 | Lair:2   | Found a hole to the Spider Nest.
 11280 | Lair:2   | HP: 4/94 [vampire mosquito (3)]
 11639 | Lair:2   | Found a staircase to the Swamp.
 11716 | Lair:2   | Reached skill level 10 in Armour
 11931 | Lair:2   | Reached skill level 1 in Throwing
 12257 | Lair:3   | HP: 3/94 [komodo dragon (17)]
 12257 | Lair:3   | Slain by a spiny frog

Skill      XL: |  1  2  3  4  5  6  7  8  9 10 11 |
---------------+----------------------------------+-----
Axes           | 2 3 4 6 7 8 9 |  9.6
Dodging        | 1 2 3 |  3.3
Armour         | 2 3 4 6 7 8 10 | 10.3
Fighting       | 4 5 6 7 8 |  8.1
Invocations    | 3 4 5 6 7 9 |  9.1
Throwing       | 1 |  1.0

Action                   |  1- 3 |  4- 6 |  7- 9 | 10-12 || total
-------------------------+-------+-------+-------+-------++-------
Melee: Hand axe          |   136 |   321 |   338 |       ||   795
       War axe           |       |       |   203 |   320 ||   523
       Broad axe         |       |       |       |   223 ||   223
Throw: Tomahawk          |       |     2 |     6 |     8 ||    16
Invok: Depart the Abyss  |     1 |       |       |       ||     1
       Banish            |       |       |     2 |    11 ||    13
       Bend Space        |       |       |       |     2 ||     2
  Use: Scroll            |     3 |     6 |    15 |    12 ||    36
       Potion            |       |     1 |     8 |     4 ||    13
  Eat: Chunk             |    17 |    31 |    49 |    44 ||   141
Armor: Chain mail        |    94 |   228 |   384 |   496 ||  1202
       Leather armour    |     4 |       |       |       ||     4
Dodge: Dodged            |    54 |   119 |   243 |   364 ||   780
